Ducks vs Blues

Created - Thursday, October 30, 2014 at 22:40

Goals
1 2 3 T
Ducks 1 0 0 1
Blues 1 3 0 4
Shots
1 2 3 T
Ducks 6 15 7 28
Blues 9 11 7 27

1st period

1. Ducks , Martin St. Louis 8 (Matthew Carle, James Neal) at 17:24
2. Blues , Rick Nash 5 (Sean Couturier) at 18:26

Penalties :
Andrew Desjardins (StL) for Tripping (Minor) at 2:55, Jonathan Huberdeau (Ana) for Roughing (Minor) at 19:24

2nd period

3. Blues , Zdeno Chara 1 (Bryan Allen, Brandon Saad) at 10:29
4. Blues , Tomas Tatar 2 (Mark Fayne) at 17:14
5. Blues , Rick Nash 6 (Mark Fayne) at 17:54

Penalties :
Tomas Tatar (StL) for Tripping (Minor) at 19:50

3rd period

No Goal

Penalties :
Johan Franzen (StL) for Boarding (Minor) at 2:57, Kevan Miller (StL) for Holding (Minor) at 10:57

Goalie Stats

Jonathan Bernier (Ana), 23 saves from 27 shots - (0.852), L, 2-1-2, 60:00 minutes
Cam Talbot (StL), 27 saves from 28 shots - (0.964), W, 1-0-0, 60:00 minutes

Players Stats for Ducks

Player Name              G  A  P  +/- PIM S  H  SB GA TA FO     MP     PP MP  PK MP  
------------------------------------------------------------------------------------
Anton Stralman           0  0  0  -2  0   2  1  2  0  2  0/0    21:24   3:33   0:49 
Brett Bellemore          0  0  0  -1  0   0  0  2  0  1  0/0    15:45   0:00   0:00 
Dennis Wideman           0  0  0   0  0   4  1  0  0  3  0/0    22:50   4:23   1:10 
James Neal               0  1  1   1  0   0  0  2  2  0  0/0    19:06   4:28   0:00 
James Sheppard           0  0  0   0  0   0  0  0  0  0  0/0     0:51   0:00   0:00 
Joey Crabb               0  0  0   0  0   0  0  0  0  0  0/0     0:00   0:00   0:00 
Jonathan Huberdeau       0  0  0  -3  2   0  0  0  2  0  0/1    18:05   0:05   0:00 
Marc Staal               0  0  0  -2  0   2  2  4  2  3  0/0    21:24   3:33   0:49 
Martin St. Louis         1  0  1   1  0   2  0  0  4  0  1/4    21:47   4:28   1:59 
Matt Frattin             0  0  0   0  0   0  0  0  0  0  0/0     0:40   0:05   0:00 
Matthew Carle            0  1  1   0  0   1  1  2  0  3  0/0    22:50   4:23   1:10 
Michal Rozsival          0  0  0  -1  0   0  0  0  0  0  0/0    15:45   0:00   0:00 
Mike Richards            0  0  0   1  0   1  1  1  2  0  5/14   21:23   4:28   1:59 
Patrick Kane             0  0  0  -1  0   6  0  0  4  0  1/1    20:48   3:23   0:00 
Sean Bergenheim          0  0  0  -1  0   2  3  0  0  0  0/2    19:33   3:23   0:00 
TJ Galiardi              0  0  0  -3  0   2  1  1  1  0  0/0    17:48   0:05   0:00 
Tom Pyatt                0  0  0  -3  0   4  0  0  0  0  6/8    17:08   0:00   0:00 
Tyler Bozak              0  0  0  -1  0   2  1  0  2  0  9/17   20:48   3:23   0:00 

Players Stats for Blues

Player Name              G  A  P  +/- PIM S  H  SB GA TA FO     MP     PP MP  PK MP  
------------------------------------------------------------------------------------
Anders Lee               0  0  0   1  0   3  2  0  2  0  4/6    15:16   0:00   3:55 
Andrew Desjardins        0  0  0   0  2   0  4  0  0  1  5/11   15:51   0:00   1:46 
Artem Anisimov           0  0  0  -1  0   3  1  0  0  1  0/0    14:34   0:48   0:00 
Brandon Saad             0  1  1   2  0   1  0  0  4  0  0/1    21:10   0:48   3:33 
Bryan Allen              0  1  1   2  0   2  1  1  0  1  0/0    26:38   0:00   5:05 
Cam Atkinson             0  0  0  -1  0   4  1  1  4  0  0/2    14:57   0:00   0:00 
Colton Sissons           0  0  0   0  0   0  0  0  0  0  0/0     0:28   0:00   0:00 
Hampus Lindholm          0  0  0   0  0   0  0  0  0  1  0/0     8:13   0:52   0:00 
Johan Franzen            0  0  0   1  2   0  5  0  1  0  6/11   21:54   0:48   2:37 
Josh Gorges              0  0  0   0  0   0  0  0  0  0  0/0     0:06   0:00   0:00 
Kevan Miller             0  0  0   1  2   2  1  2  0  4  0/0    25:39   1:07   3:57 
Mark Fayne               0  2  2   1  0   0  0  1  0  0  0/0    13:04   0:00   0:00 
Matt Donovan             0  0  0   1  0   2  2  1  0  2  0/0    24:40   0:52   0:00 
Rick Nash                2  0  2   2  0   5  0  0  3  0  0/1    18:16   1:11   0:00 
Sean Couturier           0  1  1   1  0   0  0  1  0  2  4/7    13:57   1:11   4:01 
Steve Ott                0  0  0   2  0   0  2  0  0  0  6/7    17:29   1:11   0:00 
Tomas Tatar              1  0  1   2  2   3  0  0  4  0  0/1    18:05   0:00   0:00 
Zdeno Chara              1  0  1   1  0   2  2  1  1  1  0/0    21:38   1:07   6:50 

3 Stars

1 - Rick Nash (StL)
2 - Cam Talbot (StL)
3 - Zdeno Chara (StL)

Power Play

Ducks - 0 on 4 Attempt(s) - 0.00%
Blues - 0 on 1 Attempt(s) - 0.00%

Penalty Kill

Ducks - 1 on 1 Attempt(s) - 100.00% - Score 0 goal in Penalty Kill
Blues - 4 on 4 Attempt(s) - 100.00% - Score 0 goal in Penalty Kill

Official

Referees : Unknown
Linesman : Unknown

Game Notes

Josh Gorges is injured at 1:00 of 1st period (Sports Hernia)
17:24 of 1st period - Ducks goal is going for a video replay. After video review, Goal.

Finance

Level 1 -- Attendance: 5981 (99.68%) -- Ticket Income $520,347
Level 2 -- Attendance: 3801 (76.02%) -- Ticket Income $228,060
Level 3 -- Attendance: 1560 (78.00%) -- Ticket Income $54,600
Level 4 -- Attendance: 2920 (73.00%) -- Ticket Income $64,240
Luxury Box -- Attendance: 917 (91.70%) -- Ticket Income $154,056
Game was played at the Savis Center
Total Attendance: 15179 (84.33%)
Total Ticket Income: $1,021,303
Other Income: $500,438
Total Income: $1,521,741

Ducks

5 vs 5 Forward 
   Center                   Left Wing                Right Wing               Time % Phy DF OF 
 1 Mike Richards            Martin St. Louis         James Neal               35     1   2  2  
 2 Tyler Bozak              Sean Bergenheim          Patrick Kane             35     1   2  2  
 3 Tom Pyatt                TJ Galiardi              Jonathan Huberdeau       20     1   2  2  
 4 Tyler Bozak              Martin St. Louis         Patrick Kane             10     1   2  2  

5 vs 5 Defense 
   Defense                  Defense                                           Time % Phy DF OF 
 1 Matthew Carle            Dennis Wideman                                    35     1   2  2  
 2 Marc Staal               Anton Stralman                                    30     1   2  2  
 3 Brett Bellemore          Michal Rozsival                                   22     1   2  2  
 4 Matthew Carle            Dennis Wideman                                    13     1   2  2  

PowerPlay Forward 
   Center                   Left Wing                Right Wing               Time % Phy DF OF 
 1 Mike Richards            Martin St. Louis         James Neal               60     1   2  2  
 2 Tyler Bozak              Sean Bergenheim          Patrick Kane             40     1   2  2  

PowerPlay Defense
   Defense                  Defense                                           Time % Phy DF OF 
 1 Matthew Carle            Dennis Wideman                                    60     1   2  2  
 2 Marc Staal               Anton Stralman                                    40     1   2  2  

Penalty Kill 4 Players Forward 
   Center                   Wing                     Time % Phy DF OF 
 1 Martin St. Louis         Mike Richards            60     1   2  2  
 2 James Neal               Patrick Kane             40     1   2  2  

Penalty Kill 4 Players Defense
   Defense                  Defense                  Time % Phy DF OF 
 1 Matthew Carle            Dennis Wideman           60     1   2  2  
 2 Marc Staal               Anton Stralman           40     1   2  2  

Penalty Kill - 3 Players Forward 
   Forward                                           Time % Phy DF OF 
 1 Martin St. Louis                                  60     1   2  2  
 2 Mike Richards                                     40     1   2  2  

Penalty Kill - 3 Players Defense
   Defense                  Defense                  Time % Phy DF OF 
 1 Matthew Carle            Dennis Wideman           60     1   2  2  
 2 Marc Staal               Anton Stralman           40     1   2  2  

4 vs 4 Forward 
   Center                   Wing                     Time % Phy DF OF 
 1 Martin St. Louis         Mike Richards            60     1   2  2  
 2 James Neal               Patrick Kane             40     1   2  2  

4 vs 4 Defense
   Defense                  Defense                  Time % Phy DF OF 
 1 Matthew Carle            Dennis Wideman           60     1   2  2  
 2 Marc Staal               Anton Stralman           40     1   2  2  

Last Minutes Offensive
   Center                   Left Wing                Right Wing               Defense                  Defense                  
   Mike Richards            Martin St. Louis         James Neal               Matthew Carle            Dennis Wideman           

Last Minutes Defensive
   Center                   Left Wing                Right Wing               Defense                  Defense                  
   Mike Richards            Martin St. Louis         James Neal               Matthew Carle            Dennis Wideman           

Goaltenders
Starting : Jonathan Bernier         
Backup : Martin Brodeur           

Extra Forwards
Normal : Jonathan Huberdeau, TJ Galiardi, James Sheppard - PP : Jonathan Huberdeau, TJ Galiardi - PK : James Sheppard
Extra Defensemen
Normal : Brett Bellemore, Michal Rozsival, Marc Staal - PP : Brett Bellemore - PK : Michal Rozsival, Marc Staal
Penalty Shots
Martin St. Louis, Mike Richards, James Neal, Patrick Kane, Tyler Bozak

Blues

5 vs 5 Forward 
   Center                   Left Wing                Right Wing               Time % Phy DF OF 
 1 Sean Couturier           Johan Franzen            Rick Nash                35     0   1  4  
 2 Steve Ott                Brandon Saad             Tomas Tatar              32     0   1  4  
 3 Johan Franzen            Artem Anisimov           Cam Atkinson             21     0   1  4  
 4 Andrew Desjardins        Anders Lee               Rick Nash                12     0   1  4  

5 vs 5 Defense 
   Defense                  Defense                                           Time % Phy DF OF 
 1 Zdeno Chara              Bryan Allen                                       35     1   3  1  
 2 Kevan Miller             Josh Gorges                                       32     1   3  1  
 3 Mark Fayne               Matt Donovan                                      21     1   3  1  
 4 Bryan Allen              Hampus Lindholm                                   12     1   3  1  

PowerPlay Forward 
   Center                   Left Wing                Right Wing               Time % Phy DF OF 
 1 Sean Couturier           Steve Ott                Rick Nash                50     1   1  3  
 2 Johan Franzen            Artem Anisimov           Brandon Saad             50     1   1  3  

PowerPlay Defense
   Defense                  Defense                                           Time % Phy DF OF 
 1 Zdeno Chara              Josh Gorges                                       50     1   1  3  
 2 Hampus Lindholm          Matt Donovan                                      50     1   1  3  

Penalty Kill 4 Players Forward 
   Center                   Wing                     Time % Phy DF OF 
 1 Sean Couturier           Brandon Saad             50     1   3  1  
 2 Anders Lee               Johan Franzen            50     1   3  1  

Penalty Kill 4 Players Defense
   Defense                  Defense                  Time % Phy DF OF 
 1 Zdeno Chara              Bryan Allen              50     1   3  1  
 2 Josh Gorges              Kevan Miller             50     1   3  1  

Penalty Kill - 3 Players Forward 
   Forward                                           Time % Phy DF OF 
 1 Sean Couturier                                    50     1   3  1  
 2 Artem Anisimov                                    50     1   3  1  

Penalty Kill - 3 Players Defense
   Defense                  Defense                  Time % Phy DF OF 
 1 Zdeno Chara              Bryan Allen              50     1   3  1  
 2 Josh Gorges              Kevan Miller             50     1   3  1  

4 vs 4 Forward 
   Center                   Wing                     Time % Phy DF OF 
 1 Sean Couturier           Rick Nash                50     1   2  2  
 2 Artem Anisimov           Johan Franzen            50     1   2  2  

4 vs 4 Defense
   Defense                  Defense                  Time % Phy DF OF 
 1 Zdeno Chara              Josh Gorges              50     1   2  2  
 2 Matt Donovan             Bryan Allen              50     1   2  2  

Last Minutes Offensive
   Center                   Left Wing                Right Wing               Defense                  Defense                  
   Sean Couturier           Brandon Saad             Rick Nash                Zdeno Chara              Josh Gorges              

Last Minutes Defensive
   Center                   Left Wing                Right Wing               Defense                  Defense                  
   Sean Couturier           Steve Ott                Rick Nash                Zdeno Chara              Josh Gorges              

Goaltenders
Starting : Cam Talbot               
Backup : Henrik Lundqvist         

Extra Forwards
Normal : Tomas Tatar, Cam Atkinson, Andrew Desjardins - PP : Tomas Tatar, Cam Atkinson - PK : Andrew Desjardins
Extra Defensemen
Normal : Kevan Miller, Bryan Allen, Josh Gorges - PP : Kevan Miller - PK : Zdeno Chara, Josh Gorges
Penalty Shots
Sean Couturier, Steve Ott, Rick Nash, Johan Franzen, Artem Anisimov

% Time on Ice - Ducks

Lines # - Real PCT - Wanted PCT - Time Play
Normal Forward
1 - 30% - 35% - 14:56
2 - 33% - 35% - 16:46
3 - 34% - 20% - 17:08
4 - 2% - 10% - 1:15
Normal Defense
1 - 29% - 35% - 14:40
2 - 34% - 30% - 17:02
3 - 31% - 22% - 15:45
4 - 5% - 13% - 2:38
PP Forward
1 - 56% - 60% - 4:28
2 - 44% - 40% - 3:28
PP Defense
1 - 55% - 60% - 4:23
2 - 45% - 40% - 3:33
PK Forward
1 - 100% - 60% - 1:59
2 - 0% - 40% - 0:00
PK Defense
1 - 59% - 60% - 1:10
2 - 41% - 40% - 0:49
PK3 Forward
1 - 0% - 60%
2 - 0% - 40%
PK3 Defense
1 - 0% - 60%
2 - 0% - 40%
44 Forward
1 - 0% - 60%
2 - 0% - 40%
44 Defense
1 - 0% - 60%
2 - 0% - 40%
Last Minute Offensive  - 0:00
Last Minute Defensive  - 0:00
Total
Forward - 60:00
Defense - 60:00

% Time on Ice - Blues

Lines # - Real PCT - Wanted PCT - Time Play
Normal Forward
1 - 17% - 35% - 8:45
2 - 33% - 32% - 16:29
3 - 27% - 21% - 13:46
4 - 22% - 12% - 11:05
Normal Defense
1 - 20% - 35% - 9:58
2 - 41% - 32% - 20:42
3 - 26% - 21% - 13:04
4 - 13% - 12% - 6:21
PP Forward
1 - 60% - 50% - 1:11
2 - 40% - 50% - 0:48
PP Defense
1 - 56% - 50% - 1:07
2 - 44% - 50% - 0:52
PK Forward
1 - 51% - 50% - 4:01
2 - 49% - 50% - 3:55
PK Defense
1 - 25% - 50% - 2:00
2 - 75% - 50% - 5:56
PK3 Forward
1 - 0% - 50%
2 - 0% - 50%
PK3 Defense
1 - 0% - 50%
2 - 0% - 50%
44 Forward
1 - 0% - 50%
2 - 0% - 50%
44 Defense
1 - 0% - 50%
2 - 0% - 50%
Last Minute Offensive  - 0:00
Last Minute Defensive  - 0:00
Total
Forward - 60:00
Defense - 60:00

Play by Play

1st period


0:01 of 1st period - Johan Franzen wins face-off versus Mike Richards in neutral zone.
0:59 of 1st period - Josh Gorges is hit by Tyler Bozak and loses puck.
1:00 of 1st period - Josh Gorges from Blues is injured at 1:00 of 1st period (Sports Hernia).
1:01 of 1st period - Tom Pyatt wins face-off versus Johan Franzen in Blues zone.
1:06 of 1st period - Slapshot by TJ Galiardi.
1:06 of 1st period - Stopped by Cam Talbot with a rebound.
1:14 of 1st period - Snap shot by Cam Atkinson.
1:14 of 1st period - Shot Misses the Net.
2:55 of 1st period - Minor Penalty to Andrew Desjardins for Tripping.
2:56 of 1st period - Anders Lee wins face-off versus Mike Richards in Blues zone.
3:01 of 1st period - Slapshot by Zdeno Chara.
3:01 of 1st period - Stopped by Jonathan Bernier without a rebound.
3:02 of 1st period - Anders Lee wins face-off versus Mike Richards in Ducks zone.
3:47 of 1st period - Wrist shot by Patrick Kane.
3:47 of 1st period - Stopped by Cam Talbot without a rebound.
3:48 of 1st period - Tyler Bozak wins face-off versus Anders Lee in Blues zone.
4:55 of 1st period - Penalty to Andrew Desjardins is over, Andrew Desjardins is back on ice.
5:38 of 1st period - Slapshot by Johan Franzen.
5:38 of 1st period - Shot Misses the Net.
5:40 of 1st period - Snap shot by Cam Atkinson.
5:40 of 1st period - Stopped by Jonathan Bernier with a rebound.
5:42 of 1st period - Snap shot by Artem Anisimov.
5:42 of 1st period - Stopped by Jonathan Bernier without a rebound.
5:43 of 1st period - Johan Franzen wins face-off versus Sean Bergenheim in Ducks zone.
5:52 of 1st period - Wrist shot by Artem Anisimov.
5:52 of 1st period - Shot Misses the Net.
5:58 of 1st period - Wrist shot by Cam Atkinson.
5:58 of 1st period - Deflect By Marc Staal.
5:58 of 1st period - Shot Blocked by Marc Staal.
5:58 of 1st period - Puck is out of play.
5:59 of 1st period - Andrew Desjardins wins face-off versus Tyler Bozak in Ducks zone.
6:00 of 1st period - Snap shot by Anders Lee.
6:00 of 1st period - Stopped by Jonathan Bernier without a rebound.
6:01 of 1st period - Andrew Desjardins wins face-off versus Tyler Bozak in Ducks zone.
6:59 of 1st period - Marc Staal is hit by Matt Donovan and loses puck.
7:13 of 1st period - Bryan Allen is hit by Marc Staal and loses puck.
7:32 of 1st period - Tomas Tatar is hit by Anton Stralman.
8:02 of 1st period - Slapshot by Dennis Wideman.
8:02 of 1st period - Stopped by Cam Talbot with a rebound.
8:50 of 1st period - Brandon Saad is hit by Dennis Wideman and loses puck.
9:14 of 1st period - Snap shot by Tyler Bozak.
9:14 of 1st period - Shot Misses the Net.
9:16 of 1st period - Slapshot by Martin St. Louis.
9:16 of 1st period - Stopped by Cam Talbot with a rebound.
9:18 of 1st period - Wrist shot by Martin St. Louis.
9:18 of 1st period - Shot Blocked by Mark Fayne.
11:05 of 1st period - Matthew Carle is hit by Anders Lee and loses puck.
11:27 of 1st period - Marc Staal is hit by Johan Franzen and loses puck.
11:44 of 1st period - Snap shot by Cam Atkinson.
11:44 of 1st period - Shot Blocked by Anton Stralman.
12:16 of 1st period - Snap shot by Rick Nash.
12:16 of 1st period - Shot Misses the Net.
12:37 of 1st period - Mike Richards is hit by Artem Anisimov.
12:38 of 1st period - Icing by Mike Richards.
12:39 of 1st period - Andrew Desjardins wins face-off versus Mike Richards in Ducks zone.
13:26 of 1st period - Snap shot by Tomas Tatar.
13:26 of 1st period - Shot Misses the Net.
13:28 of 1st period - Slapshot by Matt Donovan.
13:28 of 1st period - Shot Blocked by James Neal.
13:52 of 1st period - Slapshot by Rick Nash.
13:52 of 1st period - Stopped by Jonathan Bernier without a rebound.
13:53 of 1st period - Tyler Bozak wins face-off versus Andrew Desjardins in Ducks zone.
13:58 of 1st period - Zdeno Chara is hit by Sean Bergenheim and loses puck.
14:17 of 1st period - Michal Rozsival is hit by Zdeno Chara and loses puck.
15:04 of 1st period - Slapshot by Patrick Kane.
15:04 of 1st period - Shot Misses the Net.
15:06 of 1st period - Slapshot by Dennis Wideman.
15:06 of 1st period - Stopped by Cam Talbot without a rebound.
15:07 of 1st period - Andrew Desjardins wins face-off versus Tyler Bozak in Blues zone.
15:22 of 1st period - Icing by Michal Rozsival.
15:23 of 1st period - Johan Franzen wins face-off versus Sean Bergenheim in Ducks zone.
15:24 of 1st period - Wrist shot by Artem Anisimov.
15:24 of 1st period - Shot Misses the Net.
15:26 of 1st period - Wrist shot by Cam Atkinson.
15:26 of 1st period - Stopped by Jonathan Bernier with a rebound.
15:40 of 1st period - Michal Rozsival is hit by Johan Franzen and loses puck.
16:21 of 1st period - Snap shot by Artem Anisimov.
16:21 of 1st period - Stopped by Jonathan Bernier without a rebound.
16:22 of 1st period - Mike Richards wins face-off versus Andrew Desjardins in Ducks zone.
16:22 of 1st period - Mike Richards is hit by Andrew Desjardins.
16:54 of 1st period - Anton Stralman is hit by Andrew Desjardins and loses puck.
17:03 of 1st period - Andrew Desjardins is hit by TJ Galiardi and loses puck.
17:14 of 1st period - Mark Fayne is hit by Mike Richards and loses puck.
17:22 of 1st period - Slapshot by Matthew Carle.
17:22 of 1st period - Shot Misses the Net.
17:24 of 1st period - Backhand shot by Martin St. Louis.
17:24 of 1st period - Ducks goal is going for a video replay.
17:24 of 1st period - The goal is good.
17:24 of 1st period - Goal by Martin St. Louis - Ducks : 1 - Blues : 0.
17:25 of 1st period - Steve Ott wins face-off versus Mike Richards in neutral zone.
17:44 of 1st period - Snap shot by Brandon Saad.
17:44 of 1st period - Shot Blocked by Matthew Carle.
18:19 of 1st period - Brett Bellemore is hit by Johan Franzen and loses puck.
18:26 of 1st period - Snap shot by Rick Nash.
18:26 of 1st period - Goal by Rick Nash - Ducks : 1 - Blues : 1.
18:27 of 1st period - Tyler Bozak wins face-off versus Sean Couturier in neutral zone.
19:24 of 1st period - Minor Penalty to Jonathan Huberdeau for Roughing.
19:25 of 1st period - Sean Couturier wins face-off versus Martin St. Louis in Ducks zone.
19:37 of 1st period - Slapshot by Steve Ott.
19:37 of 1st period - Shot Blocked by Anton Stralman.
19:39 of 1st period - Slapshot by Kevan Miller.
19:39 of 1st period - Stopped by Jonathan Bernier with a rebound.
Goals for this period are 1 for Ducks vs 1 for Blues.
Shots for this period are 6 for Ducks vs 9 for Blues.

2nd period


0:01 of 2nd period - Martin St. Louis wins face-off versus Brandon Saad in neutral zone.
0:16 of 2nd period - Wrist shot by Artem Anisimov.
0:16 of 2nd period - Shot Misses the Net.
0:36 of 2nd period - Slapshot by Dennis Wideman.
0:36 of 2nd period - Shot Misses the Net.
0:38 of 2nd period - Slapshot by Matthew Carle.
0:38 of 2nd period - Stopped by Cam Talbot with a rebound.
1:24 of 2nd period - Penalty to Jonathan Huberdeau is over, Jonathan Huberdeau is back on ice.
1:36 of 2nd period - Mike Richards is hit by Andrew Desjardins and loses puck.
1:41 of 2nd period - Wrist shot by Rick Nash.
1:41 of 2nd period - Deflect By Anders Lee.
1:41 of 2nd period - Shot Misses the Net.
1:41 of 2nd period - Puck is out of play.
1:42 of 2nd period - Tyler Bozak wins face-off versus Andrew Desjardins in Ducks zone.
2:29 of 2nd period - Michal Rozsival is hit by Steve Ott and loses puck.
3:17 of 2nd period - Snap shot by Cam Atkinson.
3:17 of 2nd period - Stopped by Jonathan Bernier with a rebound.
3:19 of 2nd period - Slapshot by Matt Donovan.
3:19 of 2nd period - Shot Blocked by TJ Galiardi.
3:21 of 2nd period - Slapshot by Matt Donovan.
3:21 of 2nd period - Stopped by Jonathan Bernier without a rebound.
3:22 of 2nd period - Tyler Bozak wins face-off versus Sean Couturier in Ducks zone.
4:13 of 2nd period - Snap shot by Martin St. Louis.
4:13 of 2nd period - Shot Misses the Net.
4:31 of 2nd period - Brett Bellemore is hit by Matt Donovan.
5:32 of 2nd period - Snap shot by Mike Richards.
5:32 of 2nd period - Stopped by Cam Talbot without a rebound.
5:33 of 2nd period - Mike Richards wins face-off versus Rick Nash in Blues zone.
7:35 of 2nd period - Slapshot by Jonathan Huberdeau.
7:35 of 2nd period - Shot Blocked by Kevan Miller.
8:31 of 2nd period - Slapshot by Marc Staal.
8:31 of 2nd period - Shot Misses the Net.
8:33 of 2nd period - Backhand shot by Anton Stralman.
8:33 of 2nd period - Deflect By Tom Pyatt.
8:33 of 2nd period - Stopped by Cam Talbot with a rebound.
8:35 of 2nd period - Slapshot by Marc Staal.
8:35 of 2nd period - Shot Misses the Net.
8:37 of 2nd period - Slapshot by Marc Staal.
8:37 of 2nd period - Stopped by Cam Talbot without a rebound.
8:38 of 2nd period - Steve Ott wins face-off versus Tom Pyatt in Blues zone.
9:01 of 2nd period - Snap shot by Patrick Kane.
9:01 of 2nd period - Stopped by Cam Talbot without a rebound.
9:02 of 2nd period - Patrick Kane wins face-off versus Johan Franzen in Blues zone.
9:09 of 2nd period - Wrist shot by Patrick Kane.
9:09 of 2nd period - Stopped by Cam Talbot without a rebound.
9:10 of 2nd period - Tyler Bozak wins face-off versus Cam Atkinson in Blues zone.
9:59 of 2nd period - Snap shot by Anders Lee.
9:59 of 2nd period - Stopped by Jonathan Bernier without a rebound.
10:00 of 2nd period - Tyler Bozak wins face-off versus Andrew Desjardins in Ducks zone.
10:25 of 2nd period - Snap shot by Brandon Saad.
10:25 of 2nd period - Shot Misses the Net.
10:27 of 2nd period - Snap shot by Bryan Allen.
10:27 of 2nd period - Stopped by Jonathan Bernier with a rebound.
10:29 of 2nd period - Slapshot by Zdeno Chara.
10:29 of 2nd period - Goal by Zdeno Chara - Ducks : 1 - Blues : 2.
10:30 of 2nd period - Steve Ott wins face-off versus Mike Richards in neutral zone.
10:42 of 2nd period - Snap shot by Tomas Tatar.
10:42 of 2nd period - Shot Blocked by Matthew Carle.
10:57 of 2nd period - Slapshot by Tomas Tatar.
10:57 of 2nd period - Shot Misses the Net.
10:59 of 2nd period - Wrist shot by Bryan Allen.
10:59 of 2nd period - Stopped by Jonathan Bernier with a rebound.
11:01 of 2nd period - Snap shot by Brandon Saad.
11:01 of 2nd period - Deflect By Tomas Tatar.
11:01 of 2nd period - Stopped by Jonathan Bernier without a rebound.
11:02 of 2nd period - Tyler Bozak wins face-off versus Johan Franzen in Ducks zone.
11:11 of 2nd period - Cam Atkinson is hit by Sean Bergenheim and loses puck.
11:18 of 2nd period - Snap shot by Patrick Kane.
11:18 of 2nd period - Shot Misses the Net.
11:20 of 2nd period - Slapshot by Patrick Kane.
11:20 of 2nd period - Stopped by Cam Talbot with a rebound.
11:22 of 2nd period - Snap shot by Tyler Bozak.
11:22 of 2nd period - Stopped by Cam Talbot with a rebound.
11:24 of 2nd period - Wrist shot by Anton Stralman.
11:24 of 2nd period - Shot Blocked by Kevan Miller.
11:26 of 2nd period - Slapshot by Anton Stralman.
11:26 of 2nd period - Stopped by Cam Talbot with a rebound.
11:28 of 2nd period - Slapshot by Anton Stralman.
11:28 of 2nd period - Stopped by Cam Talbot with a rebound.
11:30 of 2nd period - Wrist shot by Sean Bergenheim.
11:30 of 2nd period - Stopped by Cam Talbot with a rebound.
11:32 of 2nd period - Snap shot by Sean Bergenheim.
11:32 of 2nd period - Stopped by Cam Talbot with a rebound.
12:20 of 2nd period - Tom Pyatt is hit by Andrew Desjardins and loses puck.
13:39 of 2nd period - Snap shot by Tyler Bozak.
13:39 of 2nd period - Stopped by Cam Talbot without a rebound.
13:40 of 2nd period - Tyler Bozak wins face-off versus Johan Franzen in Blues zone.
13:41 of 2nd period - Wrist shot by Patrick Kane.
13:41 of 2nd period - Shot Blocked by Cam Atkinson.
14:30 of 2nd period - Snap shot by Anders Lee.
14:30 of 2nd period - Deflect By Rick Nash.
14:30 of 2nd period - Stopped by Jonathan Bernier without a rebound.
14:31 of 2nd period - Sean Couturier wins face-off versus Mike Richards in Ducks zone.
14:56 of 2nd period - Snap shot by Martin St. Louis.
14:56 of 2nd period - Shot Blocked by Matt Donovan.
15:22 of 2nd period - Wrist shot by Anders Lee.
15:22 of 2nd period - Stopped by Jonathan Bernier with a rebound.
15:48 of 2nd period - Martin St. Louis is hit by Steve Ott and loses puck.
16:50 of 2nd period - Icing by Zdeno Chara.
16:51 of 2nd period - Tom Pyatt wins face-off versus Andrew Desjardins in Blues zone.
17:14 of 2nd period - Slapshot by Tomas Tatar.
17:14 of 2nd period - Goal by Tomas Tatar - Ducks : 1 - Blues : 3.
17:15 of 2nd period - Steve Ott wins face-off versus Tyler Bozak in neutral zone.
17:54 of 2nd period - Wrist shot by Rick Nash.
17:54 of 2nd period - Goal by Rick Nash - Ducks : 1 - Blues : 4.
17:55 of 2nd period - Mike Richards wins face-off versus Sean Couturier in neutral zone.
18:38 of 2nd period - Backhand shot by Dennis Wideman.
18:38 of 2nd period - Stopped by Cam Talbot with a rebound.
18:40 of 2nd period - Slapshot by Anton Stralman.
18:40 of 2nd period - Shot Misses the Net.
18:42 of 2nd period - Slapshot by Anton Stralman.
18:42 of 2nd period - Deflect By TJ Galiardi.
18:42 of 2nd period - Shot Blocked by Sean Couturier.
18:42 of 2nd period - Puck is out of play.
18:43 of 2nd period - Steve Ott wins face-off versus Jonathan Huberdeau in Blues zone.
19:00 of 2nd period - Brandon Saad is hit by Marc Staal and loses puck.
19:29 of 2nd period - Wrist shot by Patrick Kane.
19:29 of 2nd period - Stopped by Cam Talbot with a rebound.
19:50 of 2nd period - Minor Penalty to Tomas Tatar for Tripping.
19:51 of 2nd period - Anders Lee wins face-off versus Martin St. Louis in Blues zone.
Goals for this period are 0 for Ducks vs 3 for Blues.
Shots for this period are 15 for Ducks vs 11 for Blues.

3rd period


0:01 of 3rd period - Sean Couturier wins face-off versus Martin St. Louis in neutral zone.
0:48 of 3rd period - Zdeno Chara is hit by Sean Bergenheim and loses puck.
1:05 of 3rd period - Wrist shot by Tyler Bozak.
1:05 of 3rd period - Shot Blocked by Bryan Allen.
1:07 of 3rd period - Slapshot by Marc Staal.
1:07 of 3rd period - Deflect By Patrick Kane.
1:07 of 3rd period - Shot Misses the Net.
1:07 of 3rd period - Puck is out of play.
1:08 of 3rd period - Anders Lee wins face-off versus Tyler Bozak in Blues zone.
1:29 of 3rd period - Snap shot by Patrick Kane.
1:29 of 3rd period - Stopped by Cam Talbot with a rebound.
1:50 of 3rd period - Penalty to Tomas Tatar is over, Tomas Tatar is back on ice.
2:57 of 3rd period - Minor Penalty to Johan Franzen for Boarding.
2:58 of 3rd period - Mike Richards wins face-off versus Anders Lee in Blues zone.
4:57 of 3rd period - Penalty to Johan Franzen is over, Johan Franzen is back on ice.
5:14 of 3rd period - Slapshot by Sean Couturier.
5:14 of 3rd period - Shot Misses the Net.
5:16 of 3rd period - Slapshot by Mark Fayne.
5:16 of 3rd period - Shot Misses the Net.
5:18 of 3rd period - Slapshot by Matt Donovan.
5:18 of 3rd period - Shot Blocked by James Neal.
5:22 of 3rd period - Wrist shot by Rick Nash.
5:22 of 3rd period - Stopped by Jonathan Bernier with a rebound.
5:24 of 3rd period - Slapshot by Matt Donovan.
5:24 of 3rd period - Stopped by Jonathan Bernier with a rebound.
5:26 of 3rd period - Snap shot by Mark Fayne.
5:26 of 3rd period - Deflect By Rick Nash.
5:26 of 3rd period - Shot Misses the Net.
5:26 of 3rd period - Puck is out of play.
5:27 of 3rd period - Tom Pyatt wins face-off versus Cam Atkinson in Ducks zone.
5:52 of 3rd period - Slapshot by Tom Pyatt.
5:52 of 3rd period - Stopped by Cam Talbot with a rebound.
6:10 of 3rd period - Wrist shot by Tomas Tatar.
6:10 of 3rd period - Stopped by Jonathan Bernier with a rebound.
7:55 of 3rd period - Snap shot by Marc Staal.
7:55 of 3rd period - Stopped by Cam Talbot with a rebound.
8:14 of 3rd period - Patrick Kane is hit by Johan Franzen and loses puck.
8:21 of 3rd period - Wrist shot by Sean Bergenheim.
8:21 of 3rd period - Shot Blocked by Zdeno Chara.
8:47 of 3rd period - Snap shot by Rick Nash.
8:47 of 3rd period - Shot Blocked by Marc Staal.
8:53 of 3rd period - Wrist shot by Rick Nash.
8:53 of 3rd period - Shot Blocked by Marc Staal.
8:55 of 3rd period - Slapshot by Kevan Miller.
8:55 of 3rd period - Shot Blocked by Marc Staal.
8:57 of 3rd period - Snap shot by Andrew Desjardins.
8:57 of 3rd period - Deflect By Rick Nash.
8:57 of 3rd period - Shot Misses the Net.
8:57 of 3rd period - Puck is out of play.
8:58 of 3rd period - Andrew Desjardins wins face-off versus Tyler Bozak in Ducks zone.
9:42 of 3rd period - Snap shot by Cam Atkinson.
9:42 of 3rd period - Stopped by Jonathan Bernier with a rebound.
9:44 of 3rd period - Wrist shot by Cam Atkinson.
9:44 of 3rd period - Deflect By Tomas Tatar.
9:44 of 3rd period - Shot Misses the Net.
9:44 of 3rd period - Puck is out of play.
9:45 of 3rd period - Tom Pyatt wins face-off versus Tomas Tatar in Ducks zone.
10:23 of 3rd period - Wrist shot by Rick Nash.
10:23 of 3rd period - Shot Blocked by Brett Bellemore.
10:57 of 3rd period - Minor Penalty to Kevan Miller for Holding.
10:58 of 3rd period - Sean Couturier wins face-off versus Mike Richards in Blues zone.
11:12 of 3rd period - Slapshot by Dennis Wideman.
11:12 of 3rd period - Stopped by Cam Talbot with a rebound.
11:22 of 3rd period - Dennis Wideman is hit by Anders Lee and loses puck.
12:11 of 3rd period - Marc Staal is hit by Bryan Allen and loses puck.
12:22 of 3rd period - Sean Bergenheim is hit by Zdeno Chara and loses puck.
12:57 of 3rd period - Penalty to Kevan Miller is over, Kevan Miller is back on ice.
13:24 of 3rd period - Slapshot by Jonathan Huberdeau.
13:24 of 3rd period - Shot Misses the Net.
13:26 of 3rd period - Slapshot by Brett Bellemore.
13:26 of 3rd period - Shot Misses the Net.
13:28 of 3rd period - Slapshot by TJ Galiardi.
13:28 of 3rd period - Shot Misses the Net.
13:46 of 3rd period - Wrist shot by Tom Pyatt.
13:46 of 3rd period - Stopped by Cam Talbot without a rebound.
13:47 of 3rd period - Tom Pyatt wins face-off versus Johan Franzen in Blues zone.
14:06 of 3rd period - Wrist shot by Jonathan Huberdeau.
14:06 of 3rd period - Shot Misses the Net.
15:30 of 3rd period - Wrist shot by Anders Lee.
15:30 of 3rd period - Shot Misses the Net.
15:56 of 3rd period - Tyler Bozak is hit by Johan Franzen and loses puck.
16:03 of 3rd period - Artem Anisimov is hit by Matthew Carle.
16:16 of 3rd period - Off-side.
16:17 of 3rd period - Mike Richards wins face-off versus Andrew Desjardins in neutral zone.
16:20 of 3rd period - Slapshot by Dennis Wideman.
16:20 of 3rd period - Shot Misses the Net.
16:55 of 3rd period - Sean Bergenheim is hit by Kevan Miller and loses puck.
17:17 of 3rd period - Off-side.
17:18 of 3rd period - Johan Franzen wins face-off versus Tom Pyatt in neutral zone.
18:11 of 3rd period - Snap shot by Brandon Saad.
18:11 of 3rd period - Stopped by Jonathan Bernier without a rebound.
18:12 of 3rd period - Steve Ott wins face-off versus Tyler Bozak in Ducks zone.
18:15 of 3rd period - Wrist shot by Brandon Saad.
18:15 of 3rd period - Deflect By Tomas Tatar.
18:15 of 3rd period - Shot Misses the Net.
18:15 of 3rd period - Puck is out of play.
18:16 of 3rd period - Tom Pyatt wins face-off versus Steve Ott in Ducks zone.
18:33 of 3rd period - Snap shot by Rick Nash.
18:33 of 3rd period - Shot Misses the Net.
18:57 of 3rd period - Icing by James Neal.
18:58 of 3rd period - Johan Franzen wins face-off versus Mike Richards in Ducks zone.
18:59 of 3rd period - Snap shot by Cam Atkinson.
18:59 of 3rd period - Shot Blocked by Mike Richards.
19:01 of 3rd period - Snap shot by Kevan Miller.
19:01 of 3rd period - Shot Blocked by Brett Bellemore.
19:03 of 3rd period - Backhand shot by Kevan Miller.
19:03 of 3rd period - Stopped by Jonathan Bernier with a rebound.
19:11 of 3rd period - Slapshot by Artem Anisimov.
19:11 of 3rd period - Stopped by Jonathan Bernier without a rebound.
19:12 of 3rd period - Johan Franzen wins face-off versus Tyler Bozak in Ducks zone.
19:13 of 3rd period - Wrist shot by Cam Atkinson.
19:13 of 3rd period - Shot Misses the Net.
19:32 of 3rd period - Matthew Carle is hit by Cam Atkinson and loses puck.
19:52 of 3rd period - Snap shot by TJ Galiardi.
19:52 of 3rd period - Stopped by Cam Talbot with a rebound.
19:58 of 3rd period - Slapshot by Tom Pyatt.
19:58 of 3rd period - Stopped by Cam Talbot with a rebound.
Goals for this period are 0 for Ducks vs 0 for Blues.
Shots for this period are 7 for Ducks vs 7 for Blues.


Output by the SimonT Hockey Simulator (STHS) for Eric Dolegowski -- Original Page W3C XHTML 1.0 Valid
Hockey Simulator - Hockey Simulation - Hockey Manager